Map: Abandoned Camp

Players

HaJJe

  • Race: Zerg Zerg
  • Spawn Location: 3:00

Cascudo

  • Race: Protoss Protoss
  • Spawn Location: 5:00

gringo

  • Race: Protoss Protoss
  • Spawn Location: 3:00

agjil

  • Race: Terran Terran
  • Spawn Location: 11:00

BlackNova

  • Race: Protoss Protoss
  • Spawn Location: 9:00

Metasapien

  • Race: Zerg Zerg
  • League: Platinum
  • Spawn Location: 7:00

VOD

Have the link to the VOD?

Description

Time

  • Played on: Sept. 23, 2017, 7:57 p.m.
  • Length: 4:03
Show
View Real Time Build Order
Export as new Build Order

HaJJe Zerg 

Build Orders: Pool First 

Get SALT Encoding   

  12  0:01  Drone  
  13  0:09  Drone  
  14  0:25  Spawning Pool  
  14  0:28  Extractor  
  12  0:32  Drone  
  13  0:36  Drone  
  14  0:57  Overlord  
  14  1:15  Queen  
  14  1:16  Zergling x6  
  19  1:34  Spine Crawler  
  18  1:42  Zergling x4  
  20  1:50  Overlord  
  21  2:04  Spine Crawler  
  20  2:14  Zergling x4  
  21  2:21  Metabolic Boost  
  21  2:31  Zergling x2  
  22  2:38  Zergling x2  
  23  2:48  Zergling x2  
  24  2:55  Zergling x6  
  26  3:17  Hatchery  
  26  3:19  Zergling x2  
  27  3:20  Zergling x2  
  26  3:34  Drone x3  
  29  3:36  Overlord  
Show
View Real Time Build Order
Export as new Build Order

Cascudo Protoss 

Build Orders:  

Get SALT Encoding   

  12  0:02  Probe (Chrono Boost)  
  13  0:13  Probe (Chrono Boost)  
  14  0:24  Probe (Chrono Boost)  
  14  0:28  Pylon  
  15  0:46  Probe (Chrono Boost), Gateway  
  16  0:50  Assimilator  
  16  0:57  Probe (Chrono Boost)  
  17  1:05  Pylon  
  17  1:07  Probe (Chrono Boost)  
  18  1:18  Probe (Chrono Boost)  
  19  1:35  Cybernetics Core  
  19  1:37  Zealot  
  19  1:39  Probe (Chrono Boost)  
  22  1:41  Assimilator  
  22  1:50  Probe (Chrono Boost)  
  23  2:00  Probe (Chrono Boost)  
  24  2:04  Gateway x2  
  24  2:07  Pylon  
  24  2:15  Warp Gate (Chrono Boost)  
  24  2:19  Zealot  
  26  2:28  Probe  
  27  2:37  Robotics Facility  
  27  2:46  Pylon  
  27  2:47  Probe  
  28  2:59  Probe  
  28  3:03  Stalker  
  31  3:25  Nexus  
  31  3:36  Probe  
Show
View Real Time Build Order
Export as new Build Order

gringo Protoss 

Build Orders: Cannon Rush 

Get SALT Encoding   

  12  0:03  Probe (Chrono Boost)  
  13  0:13  Probe (Chrono Boost)  
  14  0:24  Probe (Chrono Boost)  
  15  0:41  Pylon  
  15  1:00  Probe (Chrono Boost)  
  15  1:03  Forge  
  16  1:24  Pylon  
  16  1:37  Photon Cannon  
  16  1:44  Photon Cannon  
  16  1:49  Photon Cannon  
  16  1:58  Pylon  
  16  2:09  Probe (Chrono Boost)  
  17  2:17  Photon Cannon  
  17  2:19  Probe (Chrono Boost)  
  19  2:30  Probe (Chrono Boost)  
  19  2:42  Photon Cannon  
  19  2:43  Photon Cannon  
  19  2:45  Pylon  
  19  3:09  Photon Cannon  
  19  3:11  Photon Cannon  
  19  3:19  Pylon  
  19  3:31  Nexus  
  19  3:35  Pylon  
  19  3:36  Probe (Chrono Boost)  
  20  3:46  Probe (Chrono Boost)  
  21  4:00  Gateway  
  21  4:01  Assimilator  
Show
View Real Time Build Order
Export as new Build Order

agjil Terran 

Build Orders:  

Get SALT Encoding   

Show
View Real Time Build Order
Export as new Build Order

BlackNova Protoss 

Build Orders:  

Get SALT Encoding   

  12  0:05  Probe (Chrono Boost)  
  13  0:15  Probe (Chrono Boost)  
  14  0:38  Probe (Chrono Boost)  
  14  0:42  Pylon  
  15  0:50  Pylon  
  15  1:00  Gateway  
  15  1:03  Assimilator  
  15  1:06  Probe (Chrono Boost)  
  15  1:08  Assimilator  
  16  1:17  Probe (Chrono Boost)  
  17  1:27  Probe (Chrono Boost)  
  18  1:38  Probe (Chrono Boost)  
  19  1:48  Probe (Chrono Boost)  
  19  1:53  Cybernetics Core, Zealot (Chrono Boost)  
  22  2:01  Probe  
  22  2:13  Probe  
  23  2:24  Pylon  
  23  2:32  Stargate  
  23  2:43  Pylon  
  23  2:58  Mothership Core  
  25  3:04  Pylon  
  29  3:26  Nexus  
  28  3:41  Probe  
Show
View Real Time Build Order
Export as new Build Order

Metasapien Zerg 

Build Orders: Hatch First 

Get SALT Encoding   

  12  0:05  Drone  
  13  0:33  Hatchery  
  12  0:36  Drone  
  13  0:49  Overlord  
  13  0:56  Drone, Extractor  
  13  1:07  Drone  
  13  1:09  Drone  
  15  1:27  Drone x2  
  15  1:28  Spawning Pool  
  16  1:34  Drone  
  17  1:52  Drone x2  
  19  2:05  Drone x2  
  17  2:16  Zergling x4  
  17  2:17  Zergling x2  
  13  2:33  Zergling x4  
  15  2:41  Zergling x4  
  14  2:45  Drone  
  14  2:58  Zergling x2  
  1  3:31  Drone  
Tags
 
Add a new tag
Caveats
  • Supply blocks, unpowered buildings, or Contaminate may cause inaccurate times.
  • Supply counts are checked every 10 seconds.